Map: Frozen Temple

Players

Miszu - Winner!

  • Race: Terran Terran
  • League: Master

Rhizer

  • Race: Protoss Protoss
  • League: Master

VOD

Have the link to the VOD?

Description

Time

  • Played on: June 27, 2016, 9:04 a.m.
  • Length: 3:13
Show
View Real Time Build Order
Export as new Build Order

Miszu Terran - Winner!

Build Orders:  

Get SALT Encoding   

  12  0:01  SCV  
  13  0:13  SCV  
  14  0:18  Supply Depot  
  14  0:25  SCV  
  15  0:42  Barracks  
  15  0:51  Barracks  
  15  1:05  Barracks  
  15  1:29  Marine  
  15  1:30  Barracks  
  16  1:38  Marine  
  16  1:39  Supply Depot  
  17  1:46  Marine  
  18  1:51  Marine  
  19  1:56  Marine  
  20  2:04  Marine  
  21  2:09  Marine  
  21  2:14  Marine  
  23  2:20  Marine  
  23  2:22  Marine  
  25  2:27  Marine  
  26  2:31  Marine  
  27  2:37  Marine  
  27  2:40  Marine  
  24  2:44  Marine  
  24  2:49  Marine  
Show
View Real Time Build Order
Export as new Build Order

Rhizer Protoss 

Build Orders:  

Get SALT Encoding   

  12  0:01  Probe (Chrono Boost)  
  13  0:11  Probe (Chrono Boost)  
  14  0:18  Pylon  
  14  0:22  Probe (Chrono Boost)  
  15  0:37  Probe (Chrono Boost)  
  15  0:39  Gateway  
  16  0:47  Probe (Chrono Boost)  
  16  0:49  Assimilator  
  17  0:58  Probe (Chrono Boost)  
  18  1:08  Probe (Chrono Boost)  
  19  1:19  Probe (Chrono Boost)  
  19  1:21  Gateway  
  20  1:26  Assimilator  
  20  1:29  Cybernetics Core  
  20  1:31  Zealot (Chrono Boost)  
  22  1:44  Pylon, Probe  
  23  2:02  Probe (Chrono Boost)  
  24  2:14  Mothership Core (Chrono Boost)  
  30  2:23  Stalker  
  30  2:29  Stalker  
  28  2:31  Pylon  
  28  2:45  Pylon  
  23  3:01  Pylon  
Tags
 
Add a new tag
Caveats
  • Supply blocks, unpowered buildings, or Contaminate may cause inaccurate times.
  • Supply counts are checked every 10 seconds.